AoeStats
← Chiripa605

QS Arena

503505891Analyzed
4v4 RM · 1mo ago on Sep 1, 2026· 45m 56s· 8 players
Game mode
Random Map
Map size
Large (8 player)
Population
200
Speed
Normal
Resources
Standard
Victory
Conquest
Starting age
Dark Age
Ending age
Imperial Age
RankedLock teamsTeams togetherTeam positionsShared explorationLock speedFull tech treeHidden civsTurbo modeCheats
Victory
Defeat
1264
+17
🇪🇨 Cumans · Ecuador
1215
+19
🇺🇸 Lithuanians · United States
1213
+19
🇺🇸 Poles · United States
1194
+20
🇨🇴 Dravidians · Colombia
1319
-20
🇲🇽 Gurjaras · Mexico
1294
-19
🇧🇷 Georgians · Brazil
1291
-19
🇨🇱 Burmese · Chile
1236
-17
Chiripa605
8:32 Feudal Age
9:46 Double-Bit Axe
9:44 Horse Collar
12:14 Castle Age
13:40 Bow Saw
13:40 Heavy Plow
15:28 Loom
19:47 Wheelbarrow
19:34 Gold Mining
20:10 Stone Mining
22:04 Hand Cart
22:28 Stone Shaft Mining
27:08 Imperial Age
25:00 Scale Mail Armor
26:25 Chain Mail Armor
26:33 Squires
26:20 Arson
27:59 Forging
27:14 Elite Obuch
28:15 Conscription
27:29 Capped Ram
28:47 Crop Rotation
29:25 Plate Mail Armor
29:31 Iron Casting
29:24 Siege Ram
31:20 Siege Engineers
33:55 Blast Furnace
35:42 Fletching
37:37 Onager
39:43 Pikeman
41:32 Lechitic Legacy
41:51 Bloodlines
41:41 Husbandry
41:02 Light Cavalry
42:49 Scale Barding Armor
42:57 Winged Hussar
44:00 Chain Barding Armor
46:11 Bodkin Arrow
Leobossy
6:29 Feudal Age
7:07 Double-Bit Axe
7:05 Horse Collar
16:50 Wheelbarrow
19:14 Castle Age
18:06 Scale Mail Armor
19:45 Pikeman
20:46 Chain Mail Armor
20:49 Bow Saw
20:41 Heavy Plow
22:25 Forging
24:55 Loom
25:27 Hand Cart
27:53 Imperial Age
26:37 Bloodlines
28:05 Cavalier
29:37 Paladin
31:41 Scale Barding Armor
34:44 Chain Barding Armor
34:30 Capped Ram
36:37 Iron Casting
35:25 Siege Ram
37:35 Plate Barding Armor
37:54 Gold Mining
44:24 Blast Furnace
The Spirit of Bonnie Blue
8:24 Feudal Age
9:34 Double-Bit Axe
12:30 Castle Age
10:33 Double-Bit Axe
12:43 Wheelbarrow
13:41 Loom
17:51 Bow Saw
18:40 Gold Mining
25:35 Imperial Age
23:32 Horse Collar
24:17 Forging
24:12 Fletching
24:22 Padded Archer Armor
25:05 Bodkin Arrow
26:26 Hand Cart
28:18 Chemistry
27:36 Leather Archer Armor
27:21 Bracer
28:27 Thumb Ring
28:57 Conscription
28:44 Heavy Plow
29:59 Ring Archer Armor
30:05 Ballistics
32:27 Gold Shaft Mining
35:15 Crop Rotation
35:48 Two-Man Saw
Octosaurus
7:03 Loom
9:06 Feudal Age
13:09 Castle Age
11:13 Horse Collar
11:57 Double-Bit Axe
14:24 Bow Saw
17:25 Gold Mining
17:55 Heavy Plow
19:55 Stone Mining
25:33 Imperial Age
25:03 Stone Shaft Mining
25:05 Bloodlines
24:56 Husbandry
25:03 Scale Barding Armor
25:09 Forging
26:07 Chain Barding Armor
25:36 Cavalier
27:46 Coinage
27:27 Guilds
28:49 Iron Casting
29:13 Caravan
34:11 Plate Barding Armor
33:00 Paladin
41:45 Conscription
Bad Panda
7:40 Feudal Age
12:08 Castle Age
10:14 Double-Bit Axe
12:55 Loom
13:46 Wheelbarrow
12:57 Town Watch
28:39 Imperial Age
26:59 Town Patrol
27:07 Fletching
27:18 Padded Archer Armor
28:43 Elite Elephant Archer
30:38 Bodkin Arrow
30:58 Leather Archer Armor
31:51 Thumb Ring
32:33 Conscription
32:50 Husbandry
33:01 Bloodlines
34:56 Bracer
36:00 Chemistry
35:51 Ballistics
39:32 Frontier Guards
41:02 Horse Collar
41:48 Murder Holes
42:04 Fortified Wall
42:05 Masonry
Viva Cristo
8:03 Feudal Age
11:49 Castle Age
10:07 Double-Bit Axe
12:36 Town Watch
16:40 Horse Collar
18:14 Wheelbarrow
17:25 Loom
20:00 Bow Saw
26:24 Imperial Age
24:13 Hand Cart
26:37 Imperial Age
24:33 Hand Cart
24:03 Pikeman
24:44 Squires
24:30 Gambesons
25:42 Heavy Plow
26:45 Scale Mail Armor
26:55 Forging
26:44 Gold Mining
26:44 Stone Mining
27:50 Chain Mail Armor
30:02 Conscription
30:32 Halberdier
31:49 Ballistics
32:29 Chemistry
32:43 Two-Man Saw
33:22 Plate Mail Armor
34:17 Iron Casting
34:32 Fletching
36:14 Chemistry
37:59 Town Patrol
37:43 Elite Skirmisher
38:29 Thumb Ring
TheroZeuS Biri Biri
1:23 Loom
9:00 Feudal Age
13:51 Castle Age
12:04 Horse Collar
13:22 Scale Mail Armor
15:06 Wheelbarrow
18:34 Town Watch
19:56 Stone Mining
21:18 Gold Mining
27:58 Imperial Age
25:03 Pikeman
25:29 Gambesons
25:44 Squires
27:40 Arson
28:04 Murder Holes
28:29 Chain Mail Armor
28:25 Forging
30:05 Ballistics
30:37 Gold Shaft Mining
29:57 Heated Shot
31:20 Chemistry
30:11 Heated Shot
31:33 Plate Mail Armor
32:21 Halberdier
34:23 Scale Barding Armor
34:54 Iron Casting
36:16 Bloodlines
35:26 Elite Battle Elephant
38:01 Chain Barding Armor
Feijao
9:07 Feudal Age
12:45 Castle Age
10:35 Horse Collar
11:28 Double-Bit Axe
16:00 Gold Mining
16:00 Loom
16:38 Fervor
17:35 Wheelbarrow
19:14 Stone Mining
20:45 Bow Saw
20:37 Heavy Plow
21:14 Hand Cart
24:30 Stone Shaft Mining
27:54 Imperial Age
25:11 Town Watch
25:53 Scale Barding Armor
26:43 Forging
27:20 Chain Barding Armor
27:46 Bloodlines
27:36 Husbandry
28:13 Iron Casting
29:19 Plate Barding Armor
29:52 Conscription
28:53 Elite Monaspa
30:51 Blast Furnace
32:46 Fletching
33:09 Bloodlines
32:59 Husbandry
33:31 Bodkin Arrow
33:50 Masonry
33:42 Murder Holes
33:38 Guard Tower
34:08 Ballistics
34:48 Chemistry
35:10 Bracer
36:34 Keep
35:45 Arrowslits
36:31 Architecture
37:37 Svan Towers
37:27 Treadmill Crane
40:14 Hoardings
Connection lost

Rejoining the realm…

Still unreachable

The connection could not be restored.

Session expired

The server has moved on; the page needs a fresh start.